 Dungeon Crawl Stone Soup version 0.26.1-13-g052cdd8df3 (webtiles) character file.

Game seed: 10856441437942744978

9 cbfl8 the Chiller (level 1, 0/14 HPs)
             Began as a Demigod Ice Elementalist on Jan 12, 2022.
             Slain by a dart slug (2 damage)
             ... on level 2 of the Dungeon.
             The game lasted 00:06:05 (1891 turns).

cbfl8 the Chiller (Demigod Ice Elementalist)        Turns: 1891, Time: 00:06:06

Health: 0/14       AC:  8    Str: 11    XL:     1   Next: 86%
Magic:  5/5        EV: 11    Int: 19    God:
Gold:   85         SH:  0    Dex: 16    Spells: 2/3 levels left

rFire    . . .     SeeInvis .   k - +0 short sword
rCold    . . .     Faith    .   (no shield)
rNeg     . . .     Spirit   .   g - +0 ring mail
rPois    .         Reflect  .   (no helmet)
rElec    .         Harm     .   (no cloak)
rCorr    .         Rampage  .   w - +2 pair of gloves
Will     .....                  (no boots)
Stlth    +.........             (no amulet)
HPRegen  0.04/turn              (no ring)
MPRegen  0.09/turn              (no ring)

@: lethally poisoned (0 -> -7)
A: high mp 1
a: no special abilities


You were on level 2 of the Dungeon.
You visited 1 branch of the dungeon, and saw 2 of its levels.

You collected 85 gold pieces.

Inventory:

Hand Weapons
 f - a +0 short sword
 i - a +0 spear
 k - a +0 short sword (weapon)
 s - a +0 whip
 u - a +0 hunting sling
 x - a +0 whip
Missiles
 m - 27 arrows
 n - 33 stones
 o - 24 bolts
 t - 19 sling bullets
 v - 12 poisoned darts
Armour
 a - a +0 robe
 b - a +0 scale mail
 g - a +0 ring mail (worn)
 w - a +2 pair of gloves (worn)
Scrolls
 c - a scroll of remove curse {unknown}
 e - 3 scrolls of teleportation {unknown}
 h - a scroll of noise {unknown}
 j - a scroll of enchant armour {unknown}
 p - 5 scrolls of identify {unknown}
 q - 2 scrolls of enchant weapon {unknown}
 r - 2 scrolls of amnesia {unknown}
Potions
 d - a potion of flight {unknown}
 l - a potion of resistance {unknown}


   Skills:
 + Level 0.4 Short Blades
 + Level 1.7 Dodging
 + Level 1.9 Stealth
 + Level 1.7 Spellcasting
 + Level 3.9 Ice Magic


You had 2 spell levels left.
You knew the following spells:

 Your Spells              Type           Power        Failure   Level
a - Freeze                Ice            64%          9%          1

Your spell library contained the following spells:

 Spells                   Type           Power        Failure   Level
 Frozen Ramparts          Ice            32%          26%         3
 Ozocubu's Armour         Ice            16%          26%         3
 Hailstorm                Conj/Ice       9%           88%         4
 Summon Ice Beast         Ice/Summ       9%           88%         4


Dungeon Overview and Level Annotations

Branches:
Dungeon (2/15)


Innate Abilities, Weirdness & Mutations

You have an increased reservoir of magic. (+10% MP)


Message History

You closely miss the adder. The bat hits you but does no damage.
The dart slug completely misses you. The adder bites you but does no damage.
The adder closely misses you. The bat barely misses you.
The adder bites you but does no damage. The dart slug barely misses you.
The bat hits you but does no damage. The adder bites you but does no damage.
The bat hits you but does no damage. The adder closely misses you.
The adder barely misses you. The bat closely misses you.
The adder bites you but does no damage.
You miss the bat. The bat closely misses you.
The adder bites you but does no damage. x2
You hit the dart slug.
The dart slug is heavily wounded.
The adder bites you.
* * * LOW HITPOINT WARNING * * *
You are lethally poisoned!
The adder poisons you! The adder bites you but does no damage.
The adder barely misses you. The adder bites you but does no damage.
The dart slug bites you.
You die...

...##......## .##.. ..)
...##.......## .##.## .?#
...##........##.....##...
..####.......#.##.........
.## ##......#.##....# ..#
## #####..'......##.... ##
#####..'..b........# .##
##......#.#wS.......#
..####.......#.#@S.......#
...##........#.#.........#
...##.......####.........#
.รท.##......## ##....##...
...##.....## #....# ...
.........## ....... ..
........## .....###
#########. ......
##...#...#


You could see 2 adders, a dart slug and a bat.

Vanquished Creatures
  A leopard gecko (D:2)
  A goblin (D:2)
  4 kobolds
  A bat (D:2)
  A frilled lizard (D:2)
8 creatures vanquished.

Notes
Turn   | Place    | Note
-------+----------+-------------------------------------------
     0 | D:1      | cbfl8 the Demigod Ice Elementalist began the quest for the
                  | Orb.
     0 | D:1      | Reached XP level 1. HP: 14/14 MP: 5/5
  1891 | D:2      | Slain by a dart slug

Illustrated notes

Levels and vault maps discovered:
D:1:      dpeg_arrival_shrine, layout_loops_cross
D:2:      layout_rooms, nicolae_overflow_hidden_temple, kennysheep_cross_room,
          minmay_between, uniq_robin

Action                   || total
-------------------------++-------
Melee: Short sword       ||    30
 Stab: Sleeping          ||     2
Armor: Ring mail         ||    29
Dodge: Dodged            ||    33
